 Dungeon Crawl Stone Soup version 0.23.2-1-ga50397a (webtiles) character file.

Game seed: 10549568872618177441

385 myga the Conjurer (level 6, -3/46 HPs)
             Began as a Demigod Conjurer on May 25, 2019.
             Slain by a gnoll
             ... wielding a +0 whip
              (6 damage)
             ... on level 4 of the Dungeon.
             The game lasted 00:18:24 (4816 turns).

myga the Conjurer (Demigod Conjurer)                Turns: 4816, Time: 00:18:25

Health: -3/46      AC:  4    Str: 10 (11) XL:     6   Next: 23%
Magic:  0/14       EV: 13    Int: 19      God:
Gold:   248        SH:  0    Dex: 17 (20) Spells: 1/11 levels left

rFire    . . .     SeeInvis .   e - +0 dagger
rCold    . . .     Gourm    .   (no shield)
rNeg     . . .     Faith    .   a - +0 robe
rPois    .         Spirit   .   (no helmet)
rElec    .         Reflect  .   (no cloak)
rCorr    .         Harm     .   t - +1 pair of gloves
MR       .....                  (no boots)
Stlth    ++........             (no amulet)
HPRegen  0.15/turn              (no ring)
MPRegen  0.14/turn              (no ring)

@: no status effects
A: high mp 1
a: no special abilities


You were on level 4 of the Dungeon.
You were hungry.

You visited 2 branches of the dungeon, and saw 5 of its levels.

You collected 248 gold pieces.

Inventory:

Hand Weapons
 e - a +0 dagger (weapon)
 o - the +2 mace "Vungen" {flame, rElec rN+ Str+4}
   (You found it on level 4 of the Dungeon)

   It has been specially enchanted to burn those struck by it, causing extra
   injury to most foes and up to half again as much damage against particularly
   susceptible opponents.
   It affects your strength (+4).
   It insulates you from electricity.
   It protects you from negative energy.
Missiles
 d - 151 stones (quivered)
Armour
 a - a +0 robe (worn)
 t - a +1 pair of gloves (worn)
Scrolls
 f - a scroll of enchant weapon {unknown}
 g - a scroll of magic mapping
 h - a scroll of fog {unknown}
 p - a scroll of amnesia {unknown}
 r - a scroll of teleportation {unknown}
 s - a scroll of fear {unknown}
 v - 2 scrolls of remove curse
 w - a scroll of identify {unknown}
Potions
 b - a potion of ambrosia {unknown}
 i - 2 potions of agility {unknown}
 j - a potion of mutation {unknown}
 k - a potion of curing {unknown}
 l - 2 potions of flight
 m - a potion of haste {unknown}
 q - a potion of might {unknown}
 u - a potion of berserk rage {unknown}
Comestibles
 c - 9 rations


   Skills:
 + Level 0.5 Fighting
 + Level 1.2 Short Blades
 + Level 1.1 Throwing
 + Level 2.7 Dodging
 + Level 3.1 Stealth
 + Level 0.2 Unarmed Combat
 + Level 3.3 Spellcasting
 + Level 4.8 Conjurations


You had one spell level left.
You knew the following spells:

 Your Spells              Type           Power        Failure   Level  Hunger
a - Magic Dart            Conj           ###.         1%          1    None
b - Searing Ray           Conj           ###...       3%          2    ##.....
c - Dazzling Spray        Conj/Hex       ##....       16%         3    ###....
d - Iskenderun's Mystic   Conj           ###.....     21%         4    ####...

Your spell library contained the following spells:

 Spells                   Type           Power        Failure   Level  Hunger
 Animate Skeleton         Necr           N/A          16%         1    None
 Apportation              Tloc           #.....       16%         1    None
 Confusing Touch          Hex            #.....       16%         1    None
 Summon Small Mammal      Summ           #...         16%         1    None
 Force Lance              Conj/Tloc      ##......     47%         4    ####...
 Fulminant Prism          Conj/Hex       ##........   47%         4    ####...


Dungeon Overview and Level Annotations

Branches:
Dungeon (4/15)             Temple (1/1) D:4

Annotations:
D:4 Robin


Innate Abilities, Weirdness & Mutations

You have an increased reservoir of magic. (+10% MP)


Message History

* * * LOW HITPOINT WARNING * * *
You hit the gnoll but do no damage.
The gnoll is severely wounded.
The gnoll completely misses you.
You closely miss the gnoll.
The gnoll is severely wounded.
You are no longer glowing.
The gnoll barely misses you.
Casting: Magic Dart (safe; 1% risk of failure)
Confirm with . or Enter, or press ? or * to list all spells.
Aiming: Magic Dart (safe; 1% risk of failure)
Press: ? - help, Shift-Dir - straight line, f/p - gnoll shaman
Aim: a gnoll shaman, wielding a +0 whip and wearing a +0 leather armour (severely wounded)
The magic dart hits the gnoll but does no damage.
The gnoll is severely wounded.
The gnoll closely misses you.
There is a staircase to the Ecumenical Temple here.
You can't go up here!
The gnoll hits you with a +0 whip.
You die...

#.##.......#...#
#.##.###############
#<##.# #..........
#####.### #g#.######
#.......# #g#>gg(gg#
#.###...# #.######.#
#.......###g### ).#
####....#...g.## #.#
#.####.#.@..# ..
#...)#....).# #.#
####.###.#..# .# #.#
#...## .. #.# #.####
#.# #....# #.#
####.# #.# #...# #.#
#.###


You could see a gnoll shaman and 3 gnolls.

Vanquished Creatures
  A howler monkey (D:4)
  A crimson imp (D:4)
  An iguana (D:4)
  A worker ant (D:4)
  Natasha (twice) (D:2)
  A hound skeleton (D:4)
  2 gnolls
  6 adders
  An ooze (D:2)
  2 worms (D:2)
  A dart slug (D:1)
  2 leopard geckos
  An orc (D:3)
  A ball python (D:3)
  2 bats (D:1)
  4 giant cockroaches
  7 hobgoblins
  8 jackals
  A quokka (D:2)
  5 frilled lizards
  18 goblins
  2 goblin skeletons (D:4)
  4 hobgoblin zombies (D:4)
  12 kobolds
  2 kobold skeletons (D:4)
  A leopard gecko skeleton (D:4)
  A quokka skeleton (D:4)
  27 rats
117 creatures vanquished.

Vanquished Creatures (others)
  Natasha (D:2)
  A kobold (D:2)
  A rat (D:2)
3 creatures vanquished.

Grand Total: 120 creatures vanquished

Notes
Turn   | Place    | Note
-------+----------+-------------------------------------------
     0 | D:1      | myga the Demigod Conjurer began the quest for the Orb.
     0 | D:1      | Reached XP level 1. HP: 14/14 MP: 5/5
   359 | D:1      | Reached skill level 4 in Conjurations
   414 | D:1      | Reached XP level 2. HP: 20/20 MP: 7/7
   437 | D:1      | Learned a level 2 spell: Searing Ray
   821 | D:1      | Reached XP level 3. HP: 22/26 MP: 3/8
   983 | D:1      | Learned a level 3 spell: Dazzling Spray
  1189 | D:2      | Found a radiant altar of Vehumet.
  1340 | D:2      | Noticed Natasha
  1344 | D:2      | Killed Natasha
  1406 | D:2      | Reached XP level 4. HP: 11/33 MP: 0/10
  1435 | D:2      | HP: 1/33 [poisoned by an adder]
  1578 | D:2      | Noticed Natasha
  1583 | D:2      | Killed Natasha
  2287 | D:2      | Killed Natasha
  2323 | D:2      | Reached XP level 5. HP: 28/38 MP: 4/12
  2880 | D:2      | Learned a level 4 spell: Iskenderun's Mystic Blast
  2891 | D:3      | Found an iron altar of Okawaru.
  2938 | D:3      | Found a blossoming altar of Fedhas.
  3685 | D:4      | Found a glowing golden altar of the Shining One.
  3706 | D:4      | Reached skill level 1 in Throwing
  3786 | D:4      | Noticed Robin
  3819 | D:4      | Noticed an ogre
  3832 | D:4      | HP: 1/39 [goblin[Robin] (4)]
  4209 | D:4      | Reached skill level 1 in Short Blades
  4209 | D:4      | Reached XP level 6. HP: 32/46 MP: 2/13
  4307 | D:4      | Got a polished mace
  4308 | D:4      | Identified the +2 mace "Vungen" {flame, rElec rN+ Str+4}
                  | (You found it on level 4 of the Dungeon)
  4537 | D:4      | Found a staircase to the Ecumenical Temple.
  4551 | Temple   | Entered the Ecumenical Temple
  4808 | D:4      | HP: 2/46 [gnoll/+0 whip (6)]
  4816 | D:4      | Slain by a gnoll

Skill      XL: |  1  2  3  4  5 |
---------------+----------------+-----
Conjurations   | 4 |  4.8
Spellcasting   | 2 3 |  3.3
Stealth        | 2 3 |  3.1
Dodging        | 2 |  2.7
Throwing       | 1 |  1.1
Short Blades   | 1 |  1.2
Fighting       | |  0.5
Unarmed Combat | |  0.2

Action                   |  1- 3 |  4- 6 || total
-------------------------+-------+-------++-------
Melee: Unarmed           |     6 |       ||     6
       Dagger            |    33 |   111 ||   144
Throw: Stone             |     6 |     8 ||    14
 Cast: Magic Dart        |    51 |    83 ||   134
       Searing Ray       |     4 |    20 ||    24
  Use: Scroll            |       |     2 ||     2
       Potion            |       |     2 ||     2
 Stab: Sleeping          |     5 |     4 ||     9
       Distracted        |       |     1 ||     1
  Eat: Chunk             |     2 |    11 ||    13
Armor: Robe              |     8 |    22 ||    30
Dodge: Dodged            |    34 |   104 ||   138
